 Dungeon Crawl Stone Soup version 0.27.1-2-g3b301248ec (webtiles) character file.

Game seed: 11126809420695444192

26 Descartes the Magician (level 2, -1/15 HPs)
             Began as a Deep Elf Wanderer on Oct 3, 2021.
             Killed from afar by a white imp (8 damage)
             ... with a puff of frost
             ... summoned by Natasha
             ... on level 2 of the Dungeon.
             The game lasted 00:04:11 (1632 turns).

Descartes the Magician (Deep Elf Wanderer)          Turns: 1632, Time: 00:04:12

Health: -1/15      AC:  6    Str: 12    XL:     2   Next: 89%
Magic:  4/8        EV: 10    Int: 14    God:
Gold:   35         SH:  0    Dex: 13    Spells: 6/7 levels left

rFire    . . .     SeeInvis .   a - +0 dagger
rCold    . . .     Faith    .   (no shield)
rNeg     . . .     Spirit   .   f - +0 ring mail
rPois    .         Reflect  .   m - +0 helmet
rElec    .         Harm     .   (no cloak)
rCorr    .         Rampage  .   (no gloves)
Will     .....                  (no boots)
Stlth    +.........             (no amulet)
HPRegen  0.05/turn              (no ring)
MPRegen  0.11/turn              (no ring)

@: no status effects
A: no striking features
a: no special abilities


You were on level 2 of the Dungeon.
You visited 1 branch of the dungeon, and saw 2 of its levels.

You collected 35 gold pieces.

Inventory:

Hand Weapons
 a - a +0 dagger (weapon)
Missiles
 e - 38 stones (quivered)
 l - 5 boomerangs of dispersal
Armour
 b - a +0 robe
 f - a +0 ring mail (worn)
 m - a +0 helmet (worn)
Jewellery
 h - an amulet of faith
 i - a ring of fire
Scrolls
 g - 2 scrolls of identify {unknown}
 k - a scroll of magic mapping {unknown}
 n - a scroll of blinking {unknown}
Potions
 c - a potion of lignification
 d - 2 potions of curing {unknown}
 j - a potion of brilliance {unknown}


   Skills:
 - Level 1.0 Throwing
 + Level 1.5 Stealth
 + Level 1.4 Shields
 - Level 3.0 Spellcasting
 + Level 1.2 Conjurations
 - Level 1.3 Hexes
 - Level 2.1 Summonings
 - Level 2.1 Transmutations
 - Level 1.1 Fire Magic
 + Level 1.1 Air Magic


You had 6 spell levels left.
You knew the following spells:

 Your Spells              Type           Power      Damage    Failure   Level
a - Shock                 Conj/Air       20%        1d4       30%         1

Your spell library contained the following spells:

 Spells                   Type           Power      Damage    Failure   Level
 Summon Small Mammal      Summ           32%        N/A       21%         1
 Call Imp                 Summ           8%         N/A       30%         2
 Call Canine Familiar     Summ           8%         N/A       52%         3
 Summon Guardian Golem    Hex/Summ       7%         N/A       56%         3
 Dazzling Flash           Conj/Hex       10%        N/A       65%         3
 Summon Lightning Spire   Summ/Air       6%         N/A       94%         4


Dungeon Overview and Level Annotations

Branches:
Dungeon (2/15)

Altars:

Annotations:
D:2 Natasha


Message History

Casting: Shock (safe; 30% risk of failure)
Confirm with . or Enter, or press ? or * to list all spells.
Aiming: Shock (safe; 30% risk of failure)
Press: ? - help, Shift-Dir - straight line, f/p - goblin
Aim: a goblin, wielding a +0 dagger (severely wounded, 55% to hit)
You miscast Shock.
Nothing appears to happen.
Casting: Shock (safe; 30% risk of failure)
Confirm with . or Enter, or press ? or * to list all spells.
Aiming: Shock (safe; 30% risk of failure)
Press: ? - help, Shift-Dir - straight line, f/p - goblin
Aim: a goblin, wielding a +0 dagger (severely wounded, 55% to hit)
The zap hits the goblin.
You kill the goblin!
Your magical contamination has completely faded away.
Natasha, Servant of Life and Death comes into view.
Casting: Shock (safe; 30% risk of failure)
Confirm with . or Enter, or press ? or * to list all spells.
Aiming: Shock (safe; 30% risk of failure)
Press: ? - help, Shift-Dir - straight line, f - Natasha
Aim: Natasha (wandering, hasn't noticed you, 55% to hit)
The zap hits Natasha.
Natasha is lightly wounded.
Natasha hisses angrily.
Natasha casts a spell.
Natasha mumbles some strange words.
Natasha hisses.
The shadow imp gestures at you.
You barely resist.
Natasha mumbles some strange words.
The shadow imp gestures at you. Pain shoots through your body!
Ouch! That really hurt!
The shadow imp grins evilly.
The white imp gestures at you. The puff of frost misses you.
The shadow imp puffs mist at you. The white imp gestures at you.
The puff of frost hits you!
Ouch! That really hurt!
You die...

###########
#.#.#.....#
......w...#
##......#.h.
#########.#
##....##....# #.#
#...........# #.#
#...5.##.####
########.# #.....##.#
.........#####5..###.#
########.......h....5#
#@#####.####### #.#
#.# #.# #.# ###.# #.#
#...# #.# #.### #.#
..#####<### #.#
..........# #.#
...##.....# ...


You could see Natasha and a white imp (summoned).

Vanquished Creatures
  A worm (D:2)
  2 dart slugs (D:1)
  2 bats (D:1)
  An endoplasm (D:1)
  3 goblins
  3 hobgoblins
  3 frilled lizards
  4 rats
19 creatures vanquished.

Notes
Turn   | Place    | Note
-------+----------+-------------------------------------------
     0 | D:1      | Descartes the Deep Elf Wanderer began the quest for the
                  | Orb.
     0 | D:1      | Descartes set off with the following items: a +0 dagger, a
                  | +0 robe, a potion of lignification; and the following
                  | spells available to memorise: Summon Small Mammal, Call
                  | Imp, Shock, Call Canine Familiar, Summon Guardian Golem,
                  | Dazzling Flash, Summon Lightning Spire
     0 | D:1      | Reached XP level 1. HP: 10/10 MP: 6/6
     2 | D:1      | Learned a level 1 spell: Shock
   706 | D:1      | Reached skill level 1 in Stealth
   706 | D:1      | Reached XP level 2. HP: 15/15 MP: 0/8
  1091 | D:1      | Reached skill level 1 in Conjurations
  1296 | D:2      | Reached skill level 1 in Air Magic
  1609 | D:2      | Noticed Natasha
  1628 | D:2      | Noticed a crimson imp
  1632 | D:2      | Killed from afar by a white imp

Illustrated notes

Levels and vault maps discovered:
D:1:      denvon_arrival_hothouse, layout_basic
D:2:      minmay_spotlight, layout_loops_ring, uniq_jessica, uniq_natasha,
          uniq_terence

Skill      XL: |  1  2 |
---------------+-------+-----
Stealth        | 1 |  1.5
Conjurations   | 1 |  1.2
Air Magic      | 1 |  1.1
Throwing       | |  1.0
Shields        | |  1.4
Spellcasting   | |  3.0
Hexes          | |  1.3
Summonings     | |  2.1
Transmutations | |  2.1
Fire Magic     | |  1.1

Action                   || total
-------------------------++-------
Melee: Dagger            ||    18
 Cast: Shock             ||    52
Armor: Ring mail         ||     6
       Robe              ||     2
Dodge: Dodged            ||    18
